 Dungeon Crawl Stone Soup version 0.20-a0-1114-g33edf32 (webtiles) character file.

72 urechis the Chopper (level 4, 0/40 HPs)
             Began as a Hill Orc Berserker on May 6, 2017.
             Was a Believer of Trog.
             Succumbed to an adder's poison
             ... on level 2 of the Dungeon.
             The game lasted 00:01:28 (1899 turns).

urechis the Chopper (Hill Orc Berserker)            Turns: 1899, Time: 00:01:29

Health: 0/40       AC:  7    Str: 21    XL:     4   Next: 25%
Magic:  4/4        EV: 10    Int:  7    God:    Trog [**....]
Gold:   30         SH:  0    Dex: 11    Spells: 3/3 levels left

rFire    + . .     SeeInvis .   a - +0 hand axe
rCold    . . .     Gourm    .   (no shield)
rNeg     . . .     Faith    .   l - +0 scale mail
rPois    .         Spirit   .   (no helmet)
rElec    .         Reflect  .   (no cloak)
rCorr    .         Harm     .   (no gloves)
MR       .....                  h - +0 pair of boots
Stlth    ..........             (no amulet)
Regen    0.2/turn               j - ring of protection from fire
MPRegen  0.1/turn               k - +2 ring of strength

@: lethally poisoned (0 -> -14), flying, starving
A: no striking features
a: Berserk, Trog's Hand, Burn Spellbooks, Renounce Religion


You were on level 2 of the Dungeon.
You worshipped Trog.
Trog was pleased with you.
You were starving.

You visited 1 branch of the dungeon, and saw 2 of its levels.

You collected 30 gold pieces.

Inventory:

Hand Weapons
 a - a +0 hand axe (weapon)
Armour
 h - a +0 pair of boots (worn)
 l - a +0 scale mail (worn)
Jewellery
 j - a ring of protection from fire (left hand)
 k - a +2 ring of strength (right hand)
Scrolls
 f - 2 scrolls of identify {unknown}
 g - 3 scrolls of enchant armour {unknown}
 m - a scroll of amnesia {unknown}
 n - a scroll of blinking {unknown}
 o - a scroll of enchant weapon {unknown}
 q - a scroll of remove curse {unknown}
Potions
 e - a potion of flight
Comestibles
 c - a bread ration
 d - 6 fruits
 i - a royal jelly
 p - a meat ration


   Skills:
 + Level 4.2 Fighting
 * Level 5.7 Axes
 + Level 2.8 Armour
 - Level 1.5 Dodging


You had 3 spell levels left.
You didn't know any spells.

Dungeon Overview and Level Annotations

Branches:
Dungeon (2/15)

Altars:


Message History

The adder is almost dead.
You feel sick. The adder bites you.
* * * LOW HITPOINT WARNING * * *
You hit the adder.
The adder is almost dead.
The adder bites you.
* * * LOW HITPOINT WARNING * * *
You are more poisoned.
The adder poisons you!
It was a potion of flight.
You feel very buoyant.
You fly up into the air.
* * * LOW HITPOINT WARNING * * *
You feel sick. The adder bites you.
* * * LOW HITPOINT WARNING * * *
You are more poisoned.
The adder poisons you!
You barely miss the adder.
The adder is almost dead.
You die...

#.####...............###...#..#
....#.#.##.................#..#
...(.###.............####.....#
......#.......####...# ##..#.#
....##.#####.....#...#####..#.###
....##.# ##...............#..##
#.####.# #..##########........
#.## #.# #..#........#...##...
#.#....# #..'@†......#...###..
#.#..### #..#S.......#...# #..
#.##.# #..#.....%..#...####.
#.##.########..#........#....>...
#..............#........#..###.#.
#.#...#######..#........+...##...
#.......# ##..#........#.......#
###...#.####...##########.#..#..#
##.##)...)..............#..#..#


You could see an adder.

Vanquished Creatures
  Terence (D:2)
  An adder (D:2)
  2 worms (D:2)
  2 dart slugs (D:1)
  A leopard gecko (D:1)
  2 ball pythons
  4 giant cockroaches
  A goblin (D:1)
  4 hobgoblins (D:1)
  3 bats (D:1)
  A frilled lizard (D:2)
  2 kobolds (D:1)
  5 rats
29 creatures vanquished.

Notes
Turn   | Place    | Note
-------+----------+-------------------------------------------
     0 | D:1      | urechis the Hill Orc Berserker began the quest for the Orb.
     0 | D:1      | Reached XP level 1. HP: 19/19 MP: 1/1
   206 | D:1      | Reached XP level 2. HP: 19/27 MP: 2/2
  1013 | D:1      | Reached skill level 5 in Axes
  1013 | D:1      | Reached XP level 3. HP: 31/33 MP: 3/3
  1209 | D:2      | Reached ** piety under Trog
  1602 | D:2      | Found a faded altar of an unknown god.
  1626 | D:2      | Noticed Terence
  1642 | D:2      | Killed Terence
  1642 | D:2      | Reached XP level 4. HP: 24/40 MP: 4/4
  1898 | D:2      | HP: 2/40 [poisoned by an adder]
  1899 | D:2      | Succumbed to an adder's poison

Vault maps used:
D:1:      grunt_arrival_crossed_arrows, minmay_crystal_room
D:2:      chequers_ecumenical_altar_grove, st_stairs_3, minivault_25,
          grunt_qazlal_clouds, uniq_terence

Skill      XL: |  1  2  3 |
---------------+----------+-----
Axes           | 5 |  5.7
Fighting       | 4 |  4.2
Armour         | |  2.8
Dodging        | |  1.5

Action                   |  1- 3 |  4- 6 || total
-------------------------+-------+-------++-------
Melee: Hand axe          |   111 |    31 ||   142
Invok: Berserk           |     1 |       ||     1
  Use: Potion            |       |     1 ||     1
 Stab: Sleeping          |     3 |       ||     3
  Eat: Chunk             |     2 |       ||     2
Armor: Animal skin       |    10 |       ||    10
       Scale mail        |       |    17 ||    17
Dodge: Dodged            |    57 |    13 ||    70
